 Dungeon Crawl Stone Soup version 0.31.0-4-g52a2dc7128 (webtiles) character file.

Game seed: 10401592303608677316

60109 EsVagy the Covert (level 14, -15/99 HPs)
             Began as a Gnoll Wanderer on Jan 20, 2024.
             Was a High Priest of Nemelex Xobeh.
             Killed by an exploding orc warrior (28 damage)
             ... ignited by their inner flame
             ... on level 2 of the Orcish Mines on Jan 22, 2024.
             The game lasted 06:45:20 (21099 turns).

EsVagy the Covert (Gnoll Wanderer)                 Turns: 21099, Time: 06:45:20

Health: -15/99     AC:  9    Str: 15    XL:     14   Next: 98%
Magic:  28/28      EV: 18    Int: 26    God:    Nemelex Xobeh [*****.]
Gold:   1252       SH:  0    Dex: 15    Spells: 3/34 levels left

rFire   . . .        p - +3 great sword of Agony {freeze, rC+ Int+4}
rCold   + . .        (shield currently unavailable)
rNeg    . . .        c - +0 robe of Pan-Flutes {rPois Will- Archmagi}
rPois   +            T - +0 helmet
rElec   .            d - +0 cloak
rCorr   .            N - +1 pair of gloves
SInv    .            I - +0 pair of boots
Will    +....        S - amulet of regeneration
Stlth   +++++        s - +6 ring of strength
HPRegen 1.16/turn    H - +6 ring of intelligence
MPRegen 0.21/turn

%: archmagi
@: no status effects
A: fangs 1, strong nose, distributed training, frail 1, strong-willed 1
a: Renounce Religion, Draw Escape, Draw Destruction, Draw Summoning, Triple
Draw, Deal Four, Stack Five


You were on level 2 of the Orcish Mines.
You worshipped Nemelex Xobeh.
Nemelex Xobeh was extremely pleased with you.
You visited 4 branches of the dungeon, and saw 20 of its levels.
You also visited: Sewer and Ossuary.

You collected 1541 gold pieces.
You spent 289 gold pieces at shops.

Inventory:

Hand Weapons
 p - the +3 great sword of Agony (weapon) {freeze, rC+ Int+4}
   (You found it on level 4 of the Dungeon)

   Int+4:     It affects your intelligence (+4).
   rC+:       It protects you from cold.
 J - a +3 war axe of flaming
Missiles
 a - a throwing net
 D - 2 javelins
 E - 18 boomerangs (quivered)
 X - 15 poisoned darts
Armour
 c - the +0 robe of Pan-Flutes (worn) {rPois Will- Archmagi}
   (You found it on level 3 of the Lair of Beasts)

   rPois:     It protects you from poison Will-: It decreases your willpower.
   Archmagi:  It increases the power of your magical spells.
 d - a +0 cloak (worn)
 I - a +0 pair of boots (worn)
 N - a +1 pair of gloves (worn)
 T - a +0 helmet (worn)
Jewellery
 h - an amulet of the acrobat
 q - a ring of willpower
 r - a +5 ring of evasion
 s - a +6 ring of strength (left hand)
 H - a +6 ring of intelligence (right hand)
 O - a ring of magical power
 S - an amulet of regeneration (around neck)
Wands
 l - a wand of paralysis (11)
 m - a wand of flame (47)
 t - a wand of light (14)
 M - a wand of digging (3)
 Q - a wand of mindburst (18)
 R - a wand of iceblast (4)
 Z - a wand of polymorph (13)
Scrolls
 g - 2 scrolls of immolation
 i - 4 scrolls of amnesia
 j - 6 scrolls of poison
 o - 2 scrolls of vulnerability
 u - 5 scrolls of enchant weapon
 v - a scroll of enchant armour
 y - 2 scrolls of torment
 z - a scroll of fear
 B - a scroll of blinking
 C - a scroll of brand weapon
 F - 3 scrolls of revelation
 K - 8 scrolls of teleportation
 U - a scroll of butterflies
 V - 12 scrolls of identify
 Y - 3 scrolls of fog
Potions
 b - 9 potions of attraction
 e - 4 potions of magic
 f - a potion of ambrosia
 k - 5 potions of might
 n - 6 potions of curing
 w - 3 potions of heal wounds
 x - a potion of cancellation
 A - 4 potions of resistance
 G - 5 potions of enlightenment
 L - 3 potions of brilliance
 P - a potion of berserk rage
 W - a potion of haste


   Skills:
 + Level 10.5 Fighting
 + Level 10.1 Short Blades
 + Level 10.1 Long Blades
 + Level 10.1 Axes
 + Level 10.1 Maces & Flails
 + Level 10.1 Polearms
 + Level 10.1 Staves
 + Level 10.1 Ranged Weapons
 + Level 10.1 Throwing
 + Level 10.1 Armour
 + Level 11.1 Dodging
 + Level 11.7 Stealth
 + Level 10.1 Shields
 + Level 10.1 Unarmed Combat
 + Level 10.5 Spellcasting
 + Level 9.3 Conjurations
 + Level 8.5 Hexes
 + Level 8.8 Summonings
 + Level 8.5 Necromancy
 + Level 8.5 Translocations
 + Level 8.5 Fire Magic
 + Level 8.5 Ice Magic
 + Level 8.5 Air Magic
 + Level 8.5 Earth Magic
 + Level 8.5 Alchemy
 + Level 11.0 Invocations
 + Level 10.1 Evocations
 + Level 9.3 Shapeshifting


You had 3 spell levels left.
You knew the following spells:

 Your Spells              Type           Power      Damage    Failure   Level
a - Summon Ice Beast      Ice/Summ       73%        N/A       1%          3
b - Static Discharge      Conj/Air       100%       3-8/arc   1%          2
c - Blink                 Tloc           100%       N/A       1%          2
d - Summon Lightning Spi  Summ/Air       73%        N/A       1%          4
e - Passwall              Erth           72%        N/A       1%          3
f - Ensorcelled Hibernat  Hex/Ice        100%       N/A       1%          2
g - Swiftness             Air            72%        N/A       1%          3
h - Iskenderun's Battles  Conj           76%        2d12      2%          5
i - Momentum Strike       Conj/Tloc      100%       3d10      1%          2
j - Call Imp              Summ           100%       N/A       1%          2
k - Mephitic Cloud        Conj/Alch/Air  73%        N/A       1%          3

Your spell library contained the following spells:

 Spells                   Type           Power      Damage    Failure   Level
 Kiss of Death            Conj/Necr      100%       2d13      1%          1
 Magic Dart               Conj           100%       1d8       1%          1
 Summon Small Mammal      Summ           100%       N/A       1%          1
 Lesser Beckoning         Tloc           100%       N/A       1%          2
 Sublimation of Blood     Necr           72%        N/A       1%          2
 Confusing Touch          Hex            72%        N/A       1%          3
 Dazzling Flash           Conj/Hex       100%       N/A       1%          3
 Fugue of the Fallen      Necr           72%        N/A       1%          3
 Ozocubu's Armour         Ice            72%        N/A       1%          3
 Anguish                  Hex/Necr       36%        N/A       1%          4
 Animate Armour           Summ/Erth      100%       N/A       1%          4
 Brom's Barrelling Bould  Conj/Erth      74%        2d9       1%          4
 Dispel Undead            Necr           72%        3d24      1%          4
 Manifold Assault         Tloc           72%        N/A       1%          4
 Curse of Agony           Necr           72%        N/A       3%          5
 Fireball                 Conj/Fire      37%        3d15      3%          5
 Lee's Rapid Deconstruct  Erth           36%        3d18*     3%          5
 Metabolic Englaciation   Hex/Ice        36%        N/A       3%          5
 Silence                  Hex/Air        36%        N/A       3%          5
 Conjure Ball Lightning   Conj/Air       37%        3x3d12    17%         6
 Sculpt Simulacrum        Ice/Alch       36%        N/A       21%         6
 Orb of Destruction       Conj           38%        9d11      61%         7
 Summon Hydra             Summ           37%        N/A       69%         7


Dungeon Overview and Level Annotations

Branches:
Dungeon (13/15)            Temple (1/1) D:7            Lair (4/5) D:11
 Shoals (0/4) Lair:2        Snake (0/4) Lair:2          Orc (2/2) D:12
 Vaults (0/5) D:13          Sewer (visited)         Ossuary (visited)
  Slime: Lair:4-5       Elf: Orc:2

Altars:
Ashenzari
Cheibriados
Dithmenos
Elyvilon
Fedhas
Gozag
Hepliaklqana
Kikubaaqudgha
Makhleb
Nemelex Xobeh
Okawaru
Qazlal
Ru
Sif Muna
Trog
Uskayaw
Vehumet
Wu Jian
Xom
Yredelemnul
Zin
The Shining One

Shops:
D:5 ?   D:7 ([?   D:10 (   Orc:1 ?*   Orc:2 [

Annotations:
Temple 2 transporters


Innate Abilities, Weirdness & Mutations

You have very sharp teeth.
Your uncanny sense of smell can sniff out nearby items.
Your experience applies equally to all skills.
You are frail. (-10% HP)
You are strong-willed. (Will+)


Message History

The fiery explosion engulfs you!
The fiery explosion engulfs your butterfly!
Your butterfly disappears in a burst of colours!
The fiery explosion engulfs your butterfly!!
Your butterfly disappears in a burst of colours!
Your butterfly explodes!
The fiery explosion engulfs your butterfly!!
Your butterfly disappears in a burst of colours!
The fiery explosion engulfs your butterfly!!
Your butterfly disappears in a burst of colours!
Your butterfly explodes!
The fiery explosion engulfs your butterfly!!
Your butterfly disappears in a burst of colours!
The fiery explosion engulfs your butterfly!!
Your butterfly disappears in a burst of colours!
The fiery explosion engulfs your butterfly!!
Your butterfly disappears in a burst of colours!
Your butterfly explodes! x2
The fiery explosion engulfs your butterfly!
Your butterfly disappears in a burst of colours!
The fiery explosion engulfs your butterfly!
Your butterfly disappears in a burst of colours!
Your butterfly explodes!
The fiery explosion engulfs your butterfly!!
Your butterfly disappears in a burst of colours!
Your butterfly explodes! x5
The fiery explosion engulfs you!
The fiery explosion engulfs your butterfly!
Your butterfly disappears in a burst of colours!
Your butterfly explodes! x2
The fiery explosion engulfs you!
Your butterfly explodes!
The fiery explosion engulfs you!!
* * * LOW HITPOINT WARNING * * *
The orc warrior explodes!
The fiery explosion engulfs your butterfly!!!
Your butterfly disappears in a burst of colours!
The fiery explosion engulfs you!!
You die...
Your body glows slightly and disappears.

##........∆ ..
........o.# #..
...........#...
.......{.o.....
....#b.b.#...§.
#.....b§§§#§§§.
#.b.b.§§§§§§§#
......§§§§§§#..
.....§§@§§§§§..
..P..§○§§§§§...
bP.P§§§§§§§§...
.P.o.§§§$b.....
.oo8o§§P.......
T.T.3.b.......#
..o..........##
.......P.....#


You could see an orc warlord (inner flame, strong), 2 orc knights, an orc high
priest (inner flame, strong), 2 trolls, a neqoxec (summoned), 2 orc warriors and
an orc wizard.

Vanquished Creatures
  A stone giant (D:11)
  A hydra (Lair:4)
  A centaur warrior (D:11)
  3 two-headed ogres
  A vault guard (D:13)
  5 death yaks
  Sonja (D:12)
  3 skeletal warriors (D:12)
  A deep troll (D:11)
  An arcanist (D:13)
  A phantasmal warrior (D:11)
  An ugly thing (D:12)
  A manticore (D:12)
  A cyclops (D:12)
  Joseph (D:9)
  7 elephants
  6 black mambas
  A kobold blastminer (Orc:1)
  3 rime drakes
  A torpor snail (Lair:4)
  9 komodo dragons
  5 cane toads
  An unseen horror (D:13)
  A yaktaur (D:11)
  5 trolls
  A merfolk (Lair:2)
  A polar bear (Lair:1)
  A hornet (D:8)
  A blink frog (Lair:2)
  5 slime creatures
  2 shadows
  A vampire (D:12)
  4 wyverns
  A wraith (D:11)
  12 humans (D:13)
  30 yaks
  A steam dragon (D:9)
  10 water moccasins
  2 black bears
  5 orc warriors
  2 ogres
  14 centaurs
  2 phantoms
  A kobold brigand (D:9)
  12 bullfrogs
  3 gnoll sergeants
  3 scorpions
  6 wights
  9 killer bees
  2 howler monkeys
  3 bombardier beetles
  3 jellies
  2 hounds (D:5)
  5 orc priests
  A spectral scorpion (Ossuary)
  3 centaur skeletons (Ossuary)
  2 iguanas
  6 orc wizards
  6 hell rats (Lair:4)
  A crocodile zombie (Ossuary)
  11 mummies (Ossuary)
  7 gnolls
  5 adders
  7 river rats
  A white imp (D:7)
  2 ufetubi (D:5)
  2 dart slugs (D:2)
  4 ribbon worms
  21 orcs
  9 endoplasms
  3 giant cockroaches
  8 goblins
  8 hobgoblins
  10 jackals
  5 quokkas
  9 ball pythons
  9 bats
  8 frilled lizards
  3 gnoll skeletons (Ossuary)
  33 kobolds
  An orc skeleton (Ossuary)
  27 rats
  10 spectral rats (Ossuary)
428 creatures vanquished.

Vanquished Creatures (collateral kills)
  A vault guard (D:13)
  A hydra (Lair:4)
  A boulder beetle (D:12)
  2 centaur warriors
  A death yak (D:11)
  A two-headed ogre (D:11)
  2 skeletal warriors (D:12)
  A deep troll (D:11)
  A deep elf pyromancer (D:13)
  A necromancer (D:13)
  2 ugly things
  A cyclops (D:12)
  A manticore (D:11)
  2 merfolk sirens (Lair:2)
  6 elephants
  A kobold blastminer (Orc:1)
  A torpor snail (Lair:1)
  A cane toad (Lair:1)
  2 rime drakes
  3 kobold demonologists (D:12)
  2 yaktaurs (D:13)
  2 trolls
  A merfolk (Lair:2)
  2 blink frogs (Lair:2)
  2 slime creatures (D:11)
  2 wyverns
  A wraith (D:12)
  13 yaks
  A basilisk (Lair:3)
  6 humans (D:13)
  A vampire mosquito (D:12)
  2 water moccasins (Lair:2)
  3 black bears
  A sky beast (D:6)
  4 wolves (Lair:3)
  An ogre (D:5)
  8 centaurs
  A kobold brigand (D:6)
  A bullfrog (D:9)
  5 wights (D:7)
  3 killer bees
  A jelly (D:7)
  A gnoll bouda (D:5)
  3 orc priests
  A sleepcap (D:5)
  4 orc wizards
  10 hell rats (Lair:4)
  8 gnolls
  2 adders (D:6)
  A white imp (D:7)
  14 orcs
  6 kobolds
  A gnoll skeleton (Ossuary)
146 creatures vanquished.

Vanquished Creatures (others)
  An unseen horror (D:13)
1 creature vanquished.

Grand Total: 575 creatures vanquished

Notes
Turn   | Place    | Note
-------+----------+-------------------------------------------
     0 | D:1      | EsVagy the Gnoll Wanderer began the quest for the Orb.
     0 | D:1      | EsVagy set off with the following items: a +0 dagger, a
                  | potion of attraction, a +0 robe, a +0 cloak; and the
                  | following spells available to memorise: Magic Dart, Summon
                  | Small Mammal, Kiss of Death, Static Discharge, Summon Ice
                  | Beast.
     0 | D:1      | Reached XP level 1. HP: 17/17 MP: 4/4
     2 | D:1      | Learned a level 1 spell: Summon Small Mammal
   128 | D:1      | Reached XP level 2. HP: 23/23 MP: 5/5
   221 | D:1      | Reached XP level 3. HP: 13/28 MP: 7/7
   444 | D:1      | Reached skill level 1 in Invocations
   602 | D:1      | Learned a level 2 spell: Static Discharge
   786 | D:2      | Reached skill level 1 in Short Blades
   786 | D:2      | Reached skill level 1 in Long Blades
   786 | D:2      | Reached skill level 1 in Axes
   786 | D:2      | Reached skill level 1 in Maces & Flails
   786 | D:2      | Reached skill level 1 in Polearms
   786 | D:2      | Reached skill level 1 in Staves
   786 | D:2      | Reached skill level 1 in Ranged Weapons
   786 | D:2      | Reached skill level 1 in Throwing
   786 | D:2      | Reached skill level 1 in Armour
   786 | D:2      | Reached skill level 1 in Shields
   786 | D:2      | Reached skill level 1 in Unarmed Combat
   786 | D:2      | Reached skill level 1 in Evocations
   886 | D:2      | Reached skill level 1 in Shapeshifting
   886 | D:2      | Reached XP level 4. HP: 29/34 MP: 3/8
  1419 | D:2      | Reached skill level 1 in Hexes
  1419 | D:2      | Reached skill level 1 in Necromancy
  1419 | D:2      | Reached skill level 1 in Translocations
  1419 | D:2      | Reached skill level 1 in Fire Magic
  1419 | D:2      | Reached skill level 1 in Ice Magic
  1419 | D:2      | Reached skill level 1 in Air Magic
  1419 | D:2      | Reached skill level 1 in Earth Magic
  1419 | D:2      | Reached skill level 1 in Alchemy
  1700 | D:2      | Found a hazy altar of Hepliaklqana.
  2177 | D:3      | Found a glowing drain.
  2218 | D:3      | Reached XP level 5. HP: 41/41 MP: 9/9
  2221 | Sewer    | Entered a sewer
  3041 | D:3      | You fall into a shaft and drop 1 floor!
  3071 | D:4      | Reached XP level 6. HP: 42/47 MP: 9/11
  3096 | D:4      | Reached skill level 5 in Dodging
  3353 | D:4      | Noticed a black bear
  3380 | D:4      | Identified the +3 great sword of Agony {freeze, rC+ Int+4}
  3636 | D:3      | Learned a level 3 spell: Summon Ice Beast
  4278 | D:4      | Reached XP level 7. HP: 47/52 MP: 12/12
  4497 | D:5      | Entered Level 5 of the Dungeon
  4972 | D:5      | Found a hide-covered altar of Uskayaw.
  5127 | D:5      | Found a broken altar of Ashenzari.
  5132 | D:5      | Found a shimmering blue altar of Sif Muna.
  5456 | D:5      | Found Xemitrij's Magic Scroll Shoppe.
  5563 | D:5      | Bought a scroll of identify for 20 gold pieces
  5563 | D:5      | Bought a scroll of identify for 20 gold pieces
  5563 | D:5      | Bought a scroll of revelation for 75 gold pieces
  5563 | D:5      | Bought a scroll of teleportation for 30 gold pieces
  5565 | D:5      | Reached skill level 5 in Short Blades
  5565 | D:5      | Reached skill level 5 in Long Blades
  5565 | D:5      | Reached skill level 5 in Axes
  5565 | D:5      | Reached skill level 5 in Maces & Flails
  5565 | D:5      | Reached skill level 5 in Polearms
  5565 | D:5      | Reached skill level 5 in Staves
  5565 | D:5      | Reached skill level 5 in Ranged Weapons
  5565 | D:5      | Reached skill level 5 in Throwing
  5565 | D:5      | Reached skill level 5 in Armour
  5565 | D:5      | Reached skill level 5 in Shields
  5565 | D:5      | Reached skill level 5 in Unarmed Combat
  5565 | D:5      | Reached skill level 5 in Summonings
  5565 | D:5      | Reached skill level 5 in Evocations
  5565 | D:5      | Reached XP level 8. HP: 64/64 MP: 13/17
  5634 | D:5      | Learned a level 2 spell: Blink
  5724 | D:5      | Reached skill level 5 in Shapeshifting
  5724 | D:5      | Reached XP level 9. HP: 69/69 MP: 14/18
  6117 | D:6      | Found a sand-covered staircase.
  6129 | Ossuary  | Entered an ossuary
  6652 | D:6      | Learned a level 4 spell: Summon Lightning Spire
  6775 | D:6      | Gained mutation: You have a pair of small horns on your
                  | head. [potion of mutation]
  6775 | D:6      | Gained mutation: You are partially covered in iridescent
                  | scales. (AC +2) [potion of mutation]
  6880 | D:6      | Lost mutation: You are partially covered in iridescent
                  | scales. (AC +2) [potion of mutation]
  6880 | D:6      | Lost mutation: You have a pair of small horns on your head.
                  | [potion of mutation]
  6880 | D:6      | Gained mutation: You are strong-willed. (Will+) [potion of
                  | mutation]
  6880 | D:6      | Gained mutation: You are frail. (-10% HP) [potion of
                  | mutation]
  7342 | D:7      | Reached XP level 10. HP: 43/69 MP: 19/19
  7346 | D:7      | Reached skill level 5 in Hexes
  7346 | D:7      | Reached skill level 5 in Necromancy
  7346 | D:7      | Reached skill level 5 in Translocations
  7346 | D:7      | Reached skill level 5 in Fire Magic
  7346 | D:7      | Reached skill level 5 in Ice Magic
  7346 | D:7      | Reached skill level 5 in Air Magic
  7346 | D:7      | Reached skill level 5 in Earth Magic
  7346 | D:7      | Reached skill level 5 in Alchemy
  7684 | D:7      | Found a staircase to the Ecumenical Temple.
  7696 | Temple   | Found a transporter.
  7696 | Temple   | Found a transporter.
  7696 | Temple   | Found a transporter.
  7696 | Temple   | Found a transporter.
  7696 | Temple   | Entered the Ecumenical Temple
  7711 | Temple   | Became a worshipper of Nemelex Xobeh the Trickster
  7781 | D:7      | Found Dyaghich's Antique Armour Shoppe.
  7874 | D:7      | Found Mocsups's Weapon Emporium.
  8332 | D:7      | Found Enefo's Magic Scroll Shop.
  8335 | D:7      | Bought a scroll of identify for 32 gold pieces
  8335 | D:7      | Bought 2 scrolls of identify for 64 gold pieces
  8335 | D:7      | Bought a scroll of teleportation for 48 gold pieces
  8453 | D:7      | Upgraded the game from 0.31.0-1-g2c135a008e to
                  | 0.31.0-4-g52a2dc7128
  8746 | D:8      | Reached * piety under Nemelex Xobeh
  8905 | D:8      | Paralysed by a hornet for 1 turns
  8911 | D:8      | Reached XP level 11. HP: 46/75 MP: 21/21
  9368 | D:9      | Noticed Joseph
  9382 | D:9      | Killed Joseph
 10180 | D:10     | Entered Level 10 of the Dungeon
 10316 | D:10     | Learned a level 3 spell: Passwall
 10319 | D:10     | Learned a level 2 spell: Ensorcelled Hibernation
 10378 | D:10     | Found Beurghot's Weapon Shop.
 10378 | D:10     | Noticed a +0 giant club
 10380 | D:10     | Noticed a +0 rapier
 10444 | D:10     | Received a gift from Nemelex Xobeh
 10610 | D:10     | Reached ** piety under Nemelex Xobeh
 10924 | D:11     | Noticed a two-headed ogre
 10934 | D:11     | Killed a two-headed ogre
 10967 | D:11     | Noticed a manticore
 10998 | D:11     | Killed a manticore
 11023 | D:11     | Noticed a stone giant
 11053 | D:11     | Noticed a centaur warrior
 11067 | D:11     | Killed a centaur warrior
 11067 | D:11     | Noticed a phantasmal warrior
 11186 | D:10     | Learned a level 3 spell: Swiftness
 11192 | D:10     | Learned a level 5 spell: Iskenderun's Battlesphere
 11315 | D:11     | Found a staircase to the Lair.
 11748 | D:11     | Reached XP level 12. HP: 42/82 MP: 21/24
 11951 | D:11     | Noticed a two-headed ogre
 11956 | D:11     | Killed a two-headed ogre
 11991 | D:11     | Killed a stone giant
 12036 | D:11     | Identified the amulet of Foreyrphu {Faith rElec}
 12067 | D:11     | Noticed a two-headed ogre
 12078 | D:11     | Killed a two-headed ogre
 12265 | D:11     | Identified the +7 trident of Spite {drain, rN+}
 12308 | D:11     | Reached skill level 10 in Stealth
 12979 | D:12     | Received a gift from Nemelex Xobeh
 13341 | D:12     | Noticed a soul eater
 13412 | D:12     | Learned a level 2 spell: Momentum Strike
 13544 | D:12     | Reached XP level 13. HP: 56/90 MP: 16/25
 13640 | D:12     | Found a staircase to the Orcish Mines.
 14153 | D:12     | Learned a level 2 spell: Call Imp
 14343 | D:12     | Noticed Sonja
 14361 | D:12     | Killed Sonja
 14475 | Lair:1   | Entered Level 1 of the Lair of Beasts
 14566 | D:11     | Reached skill level 10 in Dodging
 14995 | Lair:1   | Received a gift from Nemelex Xobeh
 15457 | Lair:1   | Reached *** piety under Nemelex Xobeh
 15836 | Lair:2   | Reached skill level 10 in Invocations
 16152 | Lair:2   | Found a staircase to the Snake Pit.
 16250 | Lair:1   | Reached XP level 14. HP: 64/98 MP: 22/27
 16562 | Lair:2   | Found a staircase to the Shoals.
 16853 | Lair:2   | Received a gift from Nemelex Xobeh
 17494 | Lair:3   | Identified the +3 falchion of Oozing Pus {flame, rPois
                  | Dex-3 SInv}
 17575 | Lair:3   | Reached **** piety under Nemelex Xobeh
 17618 | Lair:3   | Reached skill level 10 in Spellcasting
 17667 | Lair:3   | Received a gift from Nemelex Xobeh
 17680 | Lair:3   | You fall into a shaft and drop 1 floor!
 17895 | Lair:3   | Learned a level 3 spell: Mephitic Cloud
 17959 | Lair:3   | Reached skill level 10 in Fighting
 18000 | Lair:3   | Received a gift from Nemelex Xobeh
 18061 | Lair:3   | Identified the +0 robe of Pan-Flutes {rPois Will- Archmagi}
 19676 | D:13     | Reached ***** piety under Nemelex Xobeh
 19926 | D:13     | Reached skill level 10 in Short Blades
 19926 | D:13     | Reached skill level 10 in Long Blades
 19926 | D:13     | Reached skill level 10 in Axes
 19926 | D:13     | Reached skill level 10 in Maces & Flails
 19926 | D:13     | Reached skill level 10 in Polearms
 19926 | D:13     | Reached skill level 10 in Staves
 19926 | D:13     | Reached skill level 10 in Ranged Weapons
 19926 | D:13     | Reached skill level 10 in Throwing
 19926 | D:13     | Reached skill level 10 in Armour
 19926 | D:13     | Reached skill level 10 in Shields
 19926 | D:13     | Reached skill level 10 in Unarmed Combat
 19926 | D:13     | Reached skill level 10 in Evocations
 20040 | D:13     | Found a gate to the Vaults.
 20982 | Orc:1    | Entered Level 1 of the Orcish Mines
 21043 | Orc:1    | Found Saed's General Store.
 21049 | Orc:1    | Found Siem's Magic Scroll Shop.
 21096 | Orc:2    | Entered Level 2 of the Orcish Mines
 21096 | Orc:2    | Noticed an orc warlord
 21096 | Orc:2    | Found Ximnicut's Antique Armour Shop.
 21099 | Orc:2    | Killed by an exploding orc warrior... ignited by their
                  | inner flame

Illustrated notes

Levels and vault maps discovered:
D:1:      pf_arrival_petrified_forest, layout_basic
D:2:      layout_basic, basic_altar, grunt_ministairs_12
D:3:      layout_basic, cheibrodos_sewer_entry_drain,
          chequers_serial_rivers_micro_e
D:4:      layout_basic, minmay_checkerbox
D:5:      layout_basic, minitemple, serial_shops, shop, serial_glass,
          glass_columns_b, glass_columns_a
D:6:      layout_cave_pools, mainiacjoe_ossuary_entry_dusty_tomb
D:7:      layout_basic, minmay_temple_entry_ruins, serial_shops,
          nicolae_shop_tiny_waterfront, nicolae_shop_rolled_up, shop
D:8:      layout_loops_cross
D:9:      layout_basic, minivault_10, uniq_joseph
D:10:     layout_roguey, serial_shops, nicolae_shop_mannequins
D:11:     minmay_chopped_fan, layout_cave_pools, lair_entry_dummy,
          portal_ice_cave_rime
D:12:     layout_roguey, minmay_orc_entry_temple_small, st_stairs_9, uniq_sonja
D:13:     layout_irregular_city, grunt_vaults_entry_tiered
Temple:   hellmonk_temple_divided_pantheon
Lair:1:   layout_cave_shapes, grunt_megastairs_3
Lair:2:   layout_loops_ring, elwin_shoals_entry_stream,
          minmay_snake_entry_six_corridors, nicolae_quartered_pool_impasse
Lair:3:   layout_long_grid
Lair:4:   layout_long_grid, kennysheep_abandoned_house
Orc:1:    layout_caves, serial_shops, shop, nicolae_shop_waterfront, shop
Orc:2:    grunt_orc_gardens, layout_caves, grunt_orc_garden, grunt_orc_garden,
          grunt_orc_garden, grunt_orc_garden, serial_shops,
          nicolae_shop_bloodbath_and_beyond, shop, shop_fountains, shop, shop

Skill      XL: |  1  2  3  4  5  6  7  8  9 10 11 12 13 14 |
---------------+-------------------------------------------+-----
Summonings     | 2 5 6 7 8 |  8.8
Stealth        | 6 8 9 10 11 | 11.7
Invocations    | 1 2 6 7 8 9 10 11 | 11.0
Short Blades   | 1 2 5 6 7 8 9 10 | 10.1
Long Blades    | 1 2 5 6 7 8 9 10 | 10.1
Axes           | 1 2 5 6 7 8 9 10 | 10.1
Maces & Flails | 1 2 5 6 7 8 9 10 | 10.1
Polearms       | 1 2 5 6 7 8 9 10 | 10.1
Staves         | 1 2 5 6 7 8 9 10 | 10.1
Ranged Weapons | 1 2 5 6 7 8 9 10 | 10.1
Throwing       | 1 2 5 6 7 8 9 10 | 10.1
Armour         | 1 2 5 6 7 8 9 10 | 10.1
Shields        | 1 2 5 6 7 8 9 10 | 10.1
Unarmed Combat | 1 2 5 6 7 8 9 10 | 10.1
Evocations     | 1 2 5 6 7 8 9 10 | 10.1
Shapeshifting  | 1 2 4 5 6 7 8 9 |  9.3
Spellcasting   | 3 6 7 8 9 10 | 10.5
Hexes          | 1 4 5 6 7 8 |  8.5
Necromancy     | 1 4 5 6 7 8 |  8.5
Translocations | 1 4 5 6 7 8 |  8.5
Fire Magic     | 1 4 5 6 7 8 |  8.5
Ice Magic      | 1 4 5 6 7 8 |  8.5
Air Magic      | 1 4 5 6 7 8 |  8.5
Earth Magic    | 1 4 5 6 7 8 |  8.5
Alchemy        | 1 4 5 6 7 8 |  8.5
Fighting       | 3 6 7 8 9 10 | 10.5
Conjurations   | 4 6 7 8 9 |  9.3
Dodging        | 5 7 8 9 10 11 | 11.1

Action                     |  1- 3 |  4- 6 |  7- 9 | 10-12 | 13-15 || total
---------------------------+-------+-------+-------+-------+-------++-------
  Melee: Spear             |   106 |   131 |       |       |       ||   237
         Bite              |    11 |    10 |    17 |    43 |    65 ||   146
         Punch             |       |     4 |       |       |    10 ||    14
         War axe           |       |    97 |       |       |    97 ||   194
         Great sword       |       |    35 |   138 |   339 |   354 ||   866
         Headbutt          |       |       |     1 |       |       ||     1
  Throw: Boomerang         |       |       |       |    37 |   160 ||   197
         Throwing net      |       |       |       |     1 |       ||     1
         Javelin           |       |       |       |       |     8 ||     8
   Cast: Static Discharge  |     2 |    12 |       |       |       ||    14
         Summon Ice Beast  |       |     2 |    14 |    47 |    50 ||   113
         Summon Lightning  |       |       |     6 |    45 |    51 ||   102
         Ensorcelled Hiber |       |       |       |     4 |       ||     4
         Blink             |       |       |       |     4 |     5 ||     9
         Iskenderun's Batt |       |       |       |     3 |     1 ||     4
         Swiftness         |       |       |       |     2 |       ||     2
         Call Imp          |       |       |       |       |     3 ||     3
         Momentum Strike   |       |       |       |       |     3 ||     3
         Mephitic Cloud    |       |       |       |       |     6 ||     6
 Invoke: Draw Destruction  |       |       |       |     2 |     1 ||     3
  Evoke: Wand              |       |       |       |     9 |     9 ||    18
    Use: Scroll            |       |     6 |     8 |    11 |     8 ||    33
         Potion            |       |     3 |     9 |     4 |     1 ||    17
   Stab: Sleeping          |    10 |    11 |    13 |     6 |     8 ||    48
         Distracted        |       |     1 |     1 |     9 |     7 ||    18
         Confused          |       |       |       |       |     7 ||     7
 Armour: Robe              |    47 |   133 |    77 |   312 |   404 ||   973
  Dodge: Dodged            |    84 |   233 |   128 |   357 |   408 ||  1210
